 Dungeon Crawl Stone Soup version 0.26.1-11-gd32895ea62 (webtiles) character file.

Game seed: 7514780082569924290

15 Almogavar the Sneak (level 2, 0/19 HPs)
             Began as an Octopode Brigand on June 11, 2021.
             Slain by a gnoll
             ... wielding a +1 vorpal spear
              (2 damage)
             ... on level 1 of the Dungeon.
             The game lasted 00:01:07 (626 turns).

Almogavar the Sneak (Octopode Brigand)               Turns: 626, Time: 00:01:08

Health: 0/19       AC:  1    Str: 10    XL:     2   Next: 50%
Magic:  2/2        EV: 13    Int: 13    God:
Gold:   29         SH:  0    Dex: 13    Spells: 1/1 levels left

rFire    . . .     SeeInvis .   a - +2 dagger
rCold    . . .     Faith    .   (no shield)
rNeg     . . .     Spirit   .   (helmet restricted)
rPois    .         Reflect  .   (no amulet)
rElec    .         Harm     .   (no ring)
rCorr    .         Rampage  .   (no ring)
Will     .....                  (no ring)
Stlth    ++++......             (no ring)
HPRegen  0.06/turn              (no ring)
MPRegen  0.08/turn              (no ring)
                                (no ring)
                                (no ring)

@: no status effects
A: almost no armour, stealthy swim, amphibious, 8 rings, constrict 8, camouflage
1, gelatinous body 1
a: no special abilities


You were on level 1 of the Dungeon.
You visited 1 branch of the dungeon, and saw 1 of its levels.

You collected 29 gold pieces.

Inventory:

Hand Weapons
 a - a +2 dagger (weapon)
Missiles
 b - 8 poisoned darts (quivered)
 c - 2 curare-tipped darts
Scrolls
 e - a scroll of fear {unknown}
Potions
 d - a potion of berserk rage {unknown}
 f - a potion of degeneration {unknown}
 g - a potion of might {unknown}
 h - a potion of brilliance {unknown}
 i - 2 potions of curing {unknown}


   Skills:
 + Level 2.1 Fighting
 + Level 2.0 Short Blades
 + Level 2.2 Throwing
 + Level 1.0 Dodging
 + Level 6.0 Stealth


You had one spell level left.
You didn't know any spells.
Your spell library was empty.

Dungeon Overview and Level Annotations

Branches:
Dungeon (1/15)

Altars:


Innate Abilities, Weirdness & Mutations

You cannot wear most types of armour.
You are very stealthy in the water. (Stealth+)
You are amphibious.
You can wear up to eight rings at the same time.
You can use your tentacles to constrict eight enemies at once.
Your skin changes colour to match your surroundings (Stealth+).
Your rubbery body absorbs attacks. (AC +1, EV +1)


Message History

You kill the goblin!
Your Stealth skill increases to level 6!
The rat misses you.
Things that are here:
a +0 dagger; a goblin corpse You barely miss the rat.
You grab the rat. You squeeze the rat.
You kill the rat!
The gnoll closely misses you.
You barely miss the gnoll. Your grab misses the gnoll.
The gnoll completely misses you.
You hit the gnoll. You grab the gnoll.
The gnoll is lightly wounded.
You constrict the gnoll, but do no damage.
The gnoll hits you with a +1 vorpal spear!
You hit the gnoll.
The gnoll is heavily wounded.
You constrict the gnoll.
The gnoll hits you with a +1 vorpal spear!
* * * LOW HITPOINT WARNING * * *
You die...

#... ##... #. #....
#.##### #...# #.#...#
#...#
#####.#.#.############...#
.........................#
.......)#.#####..........#
.........@g...+...........
!.......#....##.........##
#######)#.##.# ########.##
#.####.# #†## #......#
#.## #..##### ########..#
#..# ..........# #..#+##
#########.#
#.....#####.........


You could see a gnoll.

Vanquished Creatures
  A leopard gecko (D:1)
  2 bats (D:1)
  A giant cockroach (D:1)
  2 hobgoblins (D:1)
  3 kobolds (D:1)
  2 frilled lizards (D:1)
  A goblin (D:1)
  2 rats (D:1)
14 creatures vanquished.

Notes
Turn   | Place    | Note
-------+----------+-------------------------------------------
     0 | D:1      | Almogavar the Octopode Brigand began the quest for the Orb.
     0 | D:1      | Reached XP level 1. HP: 14/14 MP: 1/1
   138 | D:1      | Reached XP level 2. HP: 19/19 MP: 2/2
   620 | D:1      | Reached skill level 6 in Stealth
   626 | D:1      | Slain by a gnoll

Illustrated notes

Levels and vault maps discovered:
D:1:      nzn_arrival_crosshair, layout_basic

Skill      XL: |  1  2 |
---------------+-------+-----
Stealth        | 6 |  6.0
Fighting       | |  2.1
Short Blades   | |  2.0
Throwing       | |  2.2
Dodging        | |  1.0

Action                   || total
-------------------------++-------
Melee: Dagger            ||    25
       Constrict         ||     8
       Tentacles         ||     4
 Stab: Sleeping          ||     3
Armor: Skin              ||     2
Dodge: Dodged            ||    11
